 Dungeon Sprint DCSS version bcrawl-1.31 (webtiles) character file.

Game seed: 2218064565809327699

711306 Groucho the Unseen (level 9, -5/39 HPs)
             Began as a Spriggan Enchanter on Mar 24, 2021.
             Was a Follower of Uskayaw.
             Slain by a kraken (24 damage)
             ... in the Dungeon (Sprint II: "The Violet Keep of Menkaure") on Mar 25, 2021.
             The game lasted 00:10:33 (1778 turns).

Groucho the Unseen (Spriggan Enchanter)             Turns: 1778, Time: 00:10:33

Health: -5/39      AC:  4    Str:  7    XL:     9   Next: 24%
Magic:  15/26      EV: 26    Int: 17    God:    Uskayaw [*.....]
Gold:   535        SH:  0    Dex: 16    Spells: 16/32 levels left

rFire    . . .     SeeInvis +   a - +1 dagger
rCold    . . .     Gourm    .   (shield restricted)
rNeg     . . .     Faith    .   n - +2 robe
rPois    .         Spirit   .   (helmet restricted)
rElec    .         Reflect  .   m - scarf {stasis}
rCorr    .         Harm     .   (gloves unavailable)
MR       +....                  (boots unavailable)
Stlth    +++++++...             (no amulet)
HPRegen  0.13/turn              f - ring of flight
MPRegen  0.20/turn              (no ring)

@: flying, very quick
A: very small, unfitting armour, see invisible, herbivore, speed 3, slow
metabolism 2
a: Stomp, Renounce Religion, Stop Flying


You were in the Dungeon.
You worshipped Uskayaw.
Uskayaw was noncommittal.
You were not hungry.

You visited 1 branch You collected 1178 gold pieces.
You spent 643 gold pieces at shops.

Inventory:

Hand Weapons
 a - a +1 dagger (weapon)
Missiles
 u - a throwing net {=f}
Armour
 b - a +0 robe
 m - a scarf of stasis (worn)
 n - a +2 robe (worn)
Jewellery
 f - a ring of flight (left hand)
 p - an uncursed ring of protection from fire {unknown}
 s - the ring of Zomm {Fire rElec, unknown}
   (You found it in the Dungeon)

   [ring of fire]

   It enhances your fire magic.
   It protects you from fire.
   It makes you vulnerable to cold.
   It insulates you from electricity.
 w - the amulet of Terra Nullius {Inacc Dex+3, unknown}
   (You found it in the Dungeon)

   [amulet of inaccuracy]

   It reduces the accuracy of all your attacks.
   It affects your dexterity (+3).
Scrolls
 d - a scroll of fog
 i - 6 scrolls of identify
 l - 2 scrolls of blinking
Potions
 c - a potion of haste
 g - a potion of curing
 h - a potion of heal wounds
 j - 5 potions of magic
 k - a potion of berserk rage
 q - 2 potions of degeneration {unknown}
 r - 4 potions of flight
 t - 3 potions of resistance {unknown}
 v - a potion of ambrosia {unknown}
Comestibles
 e - 5 rations {!d}


   Skills:
 + Level 8.8 Short Blades
 + Level 10.7 Dodging
 + Level 17.9 Stealth
 + Level 12.0 Spellcasting
 + Level 12.3 Hexes
 + Level 0.0 Invocations


You had 16 spell levels left.
You knew the following spells:

 Your Spells              Type           Power        Failure   Level  Hunger
a - Corona                Hex            ######.      1%          1    None
b - Ensorcelled Hibernat  Hex/Ice        ####..       1%          2    None
c - Confuse               Hex            ######..     1%          3    None
d - Dazzling Orbs         Conj/Hex       ####...      1%          3    None
e - Tukima's Dance        Hex            ######..     1%          3    None
f - Cause Fear            Hex            ######....   1%          4    None

Your spell library contained the following spells:

 Spells                   Type           Power        Failure   Level  Hunger


Dungeon Overview and Level Annotations

Branches:
Dungeon (1/1)

Altars:
Cheibriados
Dithmenos
Elyvilon
Fedhas
Gozag
Hepliaklqana
Kikubaaqudgha
Lugonu
Makhleb
Nemelex Xobeh
Okawaru
Qazlal
Ru
Sif Muna
Trog
Uskayaw
Vehumet
Wu Jian
Xom
Yredelemnul
Zin
The Shining One
Beogh
Jiyva

Shops:
D :!:(}=(([[=?%!%=

Annotations:
D exclusion: oklob plant


Innate Abilities, Weirdness & Mutations

You are very small and have problems with some larger weapons.
You are too small for most types of armour.
You have supernaturally acute eyesight. (SInv)
You are a herbivore.
You cover ground extremely quickly.
You need to consume almost no food.


Message History

Casting: Ensorcelled Hibernation (safe; 1% risk of failure)
Confirm with . or Enter, or press ? or * to list all spells.
Aiming: Ensorcelled Hibernation (safe; 1% risk of failure)
Press: ? - help, Shift-Dir - straight line, f/p - kraken
Aim: a kraken (water, lightly wounded, confused, chance to defeat MR: 26%)
The kraken looks drowsy...
The helpless kraken fails to defend itself.
You skewer the kraken like a kebab!!!!
The kraken is heavily wounded.
You can now stomp with the beat.
You hit the kraken but do no damage.
The kraken is heavily wounded.
You hit the kraken but do no damage.
The kraken is heavily wounded.
You catch the helpless kraken completely off-guard!
You skewer the kraken like a kebab!!!
The kraken is severely wounded.
The kraken bites you!!
Ouch! That really hurt!
You die...

#.#|:▓[.[[[.[(▓▓
.####▓...)!(..▓▓
.##)#▓))(.....▓▓
.#..#▓).)((.([▓▓
^#..#▓)[()..).▓▓
.##.#▓..)..(..▓▓
...##▓▓▓▓▓▓▓'▓▓▓▓+▓
≈≈≈≈≈≈≈≈≈≈≈≈...≈X≈▓
#'########+###.≈@≈▓
#_._.....#t≈§##≈≈≈▓
#._._....#≈§≈≈####▓
#_._._...#§§§§≈#
#._._._..#§≈≈≈§≈
#_._._._.#§§§≈§
#._._._._#§§§≈§t
#.._._._.#≈§≈§
#._._._..#≈§≈≈


You could see a kraken (confused).

Vanquished Creatures
  A merfolk siren (D)
  A yaktaur (D)
  3 polar bears (D)
  A hornet (D)
  2 hippogriffs (D)
  4 neqoxecs (D)
  Menkaure (D)
  A crocodile (D)
  3 worms (D)
17 creatures vanquished.

Vanquished Creatures (others)
  16 tentacles (D)
16 creatures vanquished.

Grand Total: 33 creatures vanquished

Notes
Turn   | Place    | Note
-------+----------+-------------------------------------------
     0 | D        | Groucho the Spriggan Enchanter began the quest for the Orb.
     0 | D        | Reached XP level 1. HP: 9/9 MP: 5/5
     1 | D        | Noticed a merfolk siren
     8 | D        | Noticed a crocodile
    23 | D        | Killed a crocodile
    24 | D        | Reached skill level 9 in Stealth
    24 | D        | Reached skill level 5 in Hexes
    24 | D        | Reached XP level 2. HP: 6/13 MP: 5/8
    24 | D        | Reached XP level 3. HP: 8/16 MP: 6/10
    31 | D        | Killed a merfolk siren
    32 | D        | Reached skill level 15 in Stealth
    32 | D        | Reached XP level 4. HP: 11/21 MP: 6/15
    32 | D        | Reached XP level 5. HP: 12/24 MP: 6/17
    32 | D        | Reached XP level 6. HP: 15/28 MP: 6/18
   277 | D        | Learned a level 2 spell: Ensorcelled Hibernation
   281 | D        | Learned a level 3 spell: Confuse
   285 | D        | Learned a level 3 spell: Dazzling Orbs
   289 | D        | Learned a level 3 spell: Tukima's Dance
   294 | D        | Learned a level 4 spell: Cause Fear
   310 | D        | Noticed a hippogriff
   310 | D        | Noticed a hippogriff
   313 | D        | Killed a hippogriff
   314 | D        | Reached XP level 7. HP: 32/32 MP: 18/20
   316 | D        | Killed a hippogriff
   317 | D        | Reached skill level 16 in Stealth
   317 | D        | Reached skill level 10 in Hexes
   328 | D        | Noticed a neqoxec
   331 | D        | Killed a neqoxec
   332 | D        | Reached skill level 5 in Short Blades
   332 | D        | Reached skill level 10 in Spellcasting
   332 | D        | Noticed a neqoxec
   333 | D        | Noticed a neqoxec
   333 | D        | Noticed a neqoxec
   334 | D        | Killed a neqoxec
   339 | D        | Killed a neqoxec
   340 | D        | Reached XP level 8. HP: 36/36 MP: 12/23
   361 | D        | Found Jojur's Distillery.
   361 | D        | Found Cushaq's Food Shoppe.
   361 | D        | Found Bouvuub's Magic Scroll Emporium.
   361 | D        | Found Getixig's Antique Armour Shoppe.
   361 | D        | Found Ruucviv's Food Emporium.
   361 | D        | Found Kaoh's Antique Armour Shoppe.
   361 | D        | Found Zuxugh's Jewellery Shoppe.
   361 | D        | Found Gofesej's Antique Weapon Emporium.
   605 | D        | Found Laeskim's Antique Weapon Shoppe.
   605 | D        | Found Dakek's Jewellery Emporium.
   605 | D        | Found Katewki's Jewellery Emporium.
   605 | D        | Noticed Menkaure
   754 | D        | Killed Menkaure
   779 | D        | Found Nagiuxza's Gadget Shoppe.
   779 | D        | Found Homuoc's Antique Weapon Emporium.
   779 | D        | Noticed an oklob plant
   780 | D        | Found Asoticle's Distillery.
   780 | D        | Found Kivacsum's Book Emporium.
   780 | D        | Found Keyke's Book Shoppe.
   782 | D        | Bought a potion of flight for 48 gold pieces
   790 | D        | Bought an uncursed ring of flight for 221 gold pieces
   796 | D        | Noticed a fire dragon
   830 | D        | Bought a glowing scarf for 256 gold pieces
   830 | D        | Bought a glowing robe for 118 gold pieces
   870 | D        | Found an iron altar of Okawaru.
   870 | D        | Found a radiant altar of Vehumet.
   871 | D        | Found a sparkling altar of Nemelex Xobeh.
   871 | D        | Found a hide-covered altar of Uskayaw.
   871 | D        | Found a glowing silver altar of Zin.
   872 | D        | Found an opulent altar of Gozag.
   872 | D        | Found a burning altar of Makhleb.
   872 | D        | Found a bloodstained altar of Trog.
   873 | D        | Found a blossoming altar of Fedhas.
   873 | D        | Found a corrupted altar of Lugonu.
   873 | D        | Found a basalt altar of Yredelemnul.
   873 | D        | Found a shimmering blue altar of Sif Muna.
   874 | D        | Found a white marble altar of Elyvilon.
   874 | D        | Found an ancient bone altar of Kikubaaqudgha.
   875 | D        | Found a shadowy altar of Dithmenos.
   875 | D        | Found a viscous altar of Jiyva.
   876 | D        | Found a snail-covered altar of Cheibriados.
   878 | D        | Noticed a yaktaur
   878 | D        | Noticed a hornet
   878 | D        | Noticed a polar bear
   879 | D        | Noticed a polar bear
   879 | D        | Noticed a polar bear
   880 | D        | Killed a polar bear
   881 | D        | Reached skill level 17 in Stealth
   881 | D        | Killed a polar bear
   887 | D        | Killed a hornet
   888 | D        | Reached skill level 10 in Dodging
   888 | D        | Reached XP level 9. HP: 39/39 MP: 18/25
  1002 | D        | Killed a polar bear
  1004 | D        | Killed a yaktaur
  1011 | D        | Found a roughly hewn altar of Beogh.
  1013 | D        | Found a shimmering altar of Xom.
  1013 | D        | Found a sacrificial altar of Ru.
  1013 | D        | Found a hazy altar of Hepliaklqana.
  1014 | D        | Found a glowing golden altar of the Shining One.
  1014 | D        | Found an ornate altar of the Wu Jian Council.
  1014 | D        | Found a stormy altar of Qazlal.
  1037 | D        | Became a worshipper of Uskayaw the Reveler
  1056 | D        | Noticed a kraken
  1680 | D        | Got a shimmering jade ring
  1731 | D        | Got a fine pewter amulet
  1774 | D        | Reached * piety under Uskayaw
  1778 | D        | Slain by a kraken

Skill      XL: |  1  2  3  4  5  6  7  8  9 |
---------------+----------------------------+-----
Stealth        | 9 15 16 17 | 17.9
Spellcasting   | 4 8 9 10 11 12 | 12.0
Hexes          | 5 9 10 11 12 | 12.3
Short Blades   | 3 6 8 |  8.8
Dodging        | 4 7 10 | 10.7

Action                   |  1- 3 |  4- 6 |  7- 9 || total
-------------------------+-------+-------+-------++-------
Melee: Dagger            |    25 |     3 |    19 ||    47
 Cast: Ensorcelled Hiber |       |     1 |    10 ||    11
       Confuse           |       |       |     9 ||     9
       Corona            |       |       |     1 ||     1
       Dazzling Orbs     |       |       |     3 ||     3
       Cause Fear        |       |       |     2 ||     2
 Abil: Evoke Flight      |       |       |     3 ||     3
  Use: Potion            |     1 |       |     1 ||     2
       Scroll            |       |       |     1 ||     1
 Stab: Invisible         |     3 |       |       ||     3
       Sleeping          |       |     3 |     9 ||    12
       Confused          |       |       |     5 ||     5
Dodge: Dodged            |    12 |       |    16 ||    28
